RES
RANDWICK GREEN SOX @ BLACKTOWN PUMAS
04/12/2022
 
TOP OF THE 1ST
Randwick Green Sox batting - Pitching for Blacktown Pumas : RHP Galen Treacy
Pitching: RHP Galen Treacy
Batting: LHB Rodger Curnow 0-0: Called Strike
0-1: Ball
1-1: Ground out 6-3 (Groundball, 6, EV 92.5 MPH)
Batting: RHB Art Alderson 0-0: Fly out, F9 (Flyball, 89M, EV 91.3 MPH)
Batting: RHB Tony Green 0-0: Called Strike
0-1: Ball
1-1: Called Strike
1-2: Ball
2-2: Ball
3-2: Foul Ball, location: 2F
3-2: Base on Balls
Batting: RHB Bob Ghey 0-0: Ball
Tony Green steals 2nd base
1-0: DOUBLE (Line Drive, 3D, EV 95.6 MPH)
Tony Green scores
Batting: RHB Derik Fahey 0-0: Ball
1-0: Ball
2-0: Called Strike
2-1: Foul Ball, location: 2F
2-2: Foul Ball, location: 3DF
2-2: Foul Ball, location: 5FF
2-2: Strikes out swinging
Top of the 1st over - 1 run, 1 hit, 0 errors, 1 left on base; Randwick 1 - Blacktown 0
BOTTOM OF THE 1ST
Blacktown Pumas batting - Pitching for Randwick Green Sox : RHP David Forrest
Pitching: RHP David Forrest
Batting: SHB Cheyse Cleaver 0-0: Foul Ball, location: 25F
0-1: Ball
1-1: Swinging Strike
1-2: Ball
2-2: Foul Ball, location: 9LMF
2-2: Foul Ball, location: 2F
2-2: Ball
3-2: Ground out 4-3 (Groundball, 4, EV 105.6 MPH)
Batting: LHB Elvin Nottage 0-0: Swinging Strike
0-1: Reached on error, E5 (Groundball, 6, EV 98.8 MPH)
Batting: RHB Kyler Parkins 0-0: Called Strike
Elvin Nottage is caught stealing 2nd base 2-4
0-1: Called Strike
0-2: Foul Ball, location: 9LDF
0-2: Ball
1-2: Ball
2-2: Strikes out swinging
Bottom of the 1st over - 0 runs, 0 hits, 1 error, 0 left on base; Randwick 1 - Blacktown 0
TOP OF THE 2ND
Randwick Green Sox batting - Pitching for Blacktown Pumas : RHP Galen Treacy
Batting: LHB Tony Tassell 0-0: Ball
1-0: Foul Ball, location: 2F
1-1: Ground out 1-3 (Groundball, 13, EV 63.1 MPH)
Batting: RHB Pete Sherrell 0-0: Ball
1-0: Ball
2-0: Ball
3-0: Swinging Strike
3-1: Called Strike
3-2: Strikes out swinging
Batting: LHB Colin Firman 0-0: SINGLE (Groundball, 34D, EV 102.5 MPH)
Batting: RHB Louis Wibberley 0-0: Called Strike
0-1: Fly out, F9 (Flyball, 9LMF, EV 92.5 MPH)
Top of the 2nd over - 0 runs, 1 hit, 0 errors, 1 left on base; Randwick 1 - Blacktown 0
BOTTOM OF THE 2ND
Blacktown Pumas batting - Pitching for Randwick Green Sox : RHP David Forrest
Batting: SHB Louie Mumford 0-0: Ball
1-0: Swinging Strike
1-1: Ball
2-1: Ball
3-1: Foul Ball, location: 5F
3-2: Strikes out swinging
Batting: RHB Davey Anderton 0-0: Ball
1-0: Ball
2-0: Ball
3-0: Base on Balls
Batting: LHB Sinbad Rabjohns 0-0: Ball
1-0: Ball
2-0: Called Strike
2-1: Ball
3-1: Foul Ball, location: 9LDF
3-2: Foul Ball, location: 9LMF
3-2: Ground out 4-3 (Groundball, 34S, EV 71.9 MPH)
Davey Anderton to second
Batting: RHB Cam Lett 0-0: Ball
1-0: Called Strike
1-1: Foul Ball, location: 2F
1-2: Foul Ball, location: 2F
1-2: Ball
2-2: Ball
3-2: Base on Balls
Batting: RHB Ken Nelson 0-0: Ball
1-0: Ball
2-0: Swinging Strike
2-1: Ball
3-1: Swinging Strike
3-2: Foul Ball, location: 9LSF
3-2: Base on Balls
Davey Anderton to third
Cam Lett to second
Batting: LHB Angelo Thomlinson 0-0: Ball
1-0: Swinging Strike
1-1: Ball
2-1: Ball
3-1: Base on Balls
Davey Anderton scores
Cam Lett to third
Ken Nelson to second
Batting: SHB Cheyse Cleaver 0-0: Foul Ball, location: 2F
0-1: Foul Ball, location: 3DF
0-2: Foul Ball, location: 7LDF
0-2: Ball
1-2: Ball
2-2: Ball
3-2: Strikes out looking
Bottom of the 2nd over - 1 run, 0 hits, 0 errors, 3 left on base; Randwick 1 - Blacktown 1
TOP OF THE 3RD
Randwick Green Sox batting - Pitching for Blacktown Pumas : RHP Galen Treacy
Batting: LHB Rodger Curnow 0-0: Ball
1-0: SINGLE (Line Drive, 8LS, EV 108.1 MPH)
Batting: RHB Art Alderson 0-0: Sac Bunt to 5S - play at first, batter OUT! 5-3
Rodger Curnow to second
Batting: RHB Tony Green 0-0: Ball
1-0: Ball
2-0: Swinging Strike
2-1: Ball
3-1: Foul Ball, location: 3FF
3-2: Base on Balls
Batting: RHB Bob Ghey 0-0: Ball
1-0: Grounds into double play, 6-4-3 (Groundball, 6, EV 86.3 MPH)
Top of the 3rd over - 0 runs, 1 hit, 0 errors, 1 left on base; Randwick 1 - Blacktown 1
BOTTOM OF THE 3RD
Blacktown Pumas batting - Pitching for Randwick Green Sox : RHP David Forrest
Batting: LHB Elvin Nottage 0-0: Ball
1-0: Ground out 4-3 (Groundball, 4, EV 84.4 MPH)
Batting: RHB Kyler Parkins 0-0: Ball
1-0: Ball
2-0: Foul Ball, location: 7LDF
2-1: Swinging Strike
2-2: Foul Ball, location: 9LSF
2-2: Ball
3-2: Foul Ball, location: 2F
3-2: Base on Balls
Batting: SHB Louie Mumford 0-0: Ball
1-0: Swinging Strike
1-1: Foul Ball, location: 7LMF
1-2: Foul Ball, location: 7LMF
1-2: Foul Ball, location: 7LSF
1-2: Ball
2-2: Ball
3-2: Ground out 4-3 (Groundball, 34D, EV 104.4 MPH)
Kyler Parkins to second
Batting: RHB Davey Anderton 0-0: Ball
1-0: Fly out, F9 (Flyball, 9LM, EV 93.8 MPH)
Bottom of the 3rd over - 0 runs, 0 hits, 0 errors, 1 left on base; Randwick 1 - Blacktown 1
TOP OF THE 4TH
Randwick Green Sox batting - Pitching for Blacktown Pumas : RHP Galen Treacy
Batting: RHB Derik Fahey 0-0: Fly out, F9 (Flyball, 9S, EV 88.1 MPH)
Batting: LHB Tony Tassell 0-0: Ball
1-0: SINGLE (Groundball, P, EV 79.4 MPH) (infield hit)
Batting: RHB Pete Sherrell 0-0: Ball
1-0: Ball
2-0: Ball
3-0: Base on Balls
Tony Tassell to second
Batting: LHB Colin Firman 0-0: SINGLE (Line Drive, 56D, EV 95.6 MPH)
Tony Tassell to third
Pete Sherrell to second
Batting: RHB Louis Wibberley 0-0: Called Strike
0-1: Swinging Strike
0-2: Fly out, F8 (Flyball, 8RD, EV 93.1 MPH)
Batting: LHB Rodger Curnow 0-0: Ball
1-0: Called Strike
1-1: Ball
2-1: Ball
3-1: Base on Balls
Tony Tassell scores
Pete Sherrell to third
Colin Firman to second
Batting: RHB Art Alderson 0-0: Foul Ball, location: 9LDF
0-1: Called Strike
0-2: SINGLE (Groundball, 56S, EV 68.8 MPH) (infield hit)
Pete Sherrell scores
Colin Firman to third
Rodger Curnow to second
Batting: RHB Tony Green 0-0: Ball
1-0: SINGLE (Line Drive, 34D, EV 110.0 MPH)
Colin Firman scores
Rodger Curnow to third
Art Alderson to second
Runner from 3rd tries for Home, SAFE, throw by RF to home
Batting: RHB Bob Ghey 0-0: Ball
1-0: Hit by Pitch
Art Alderson to third
Tony Green to second
Batting: RHB Derik Fahey 0-0: Called Strike
0-1: Ball
1-1: Ball
2-1: Fielders Choice at 2nd, 5-4 (Groundball, 56, EV 89.4 MPH)
Top of the 4th over - 4 runs, 4 hits, 0 errors, 3 left on base; Randwick 5 - Blacktown 1
BOTTOM OF THE 4TH
Blacktown Pumas batting - Pitching for Randwick Green Sox : RHP David Forrest
Batting: LHB Sinbad Rabjohns 0-0: Ball
1-0: Swinging Strike
1-1: SOLO HOME RUN (Flyball, 7D, EV 96.9 MPH), Distance : 376 ft
Batting: RHB Cam Lett 0-0: Swinging Strike
0-1: Swinging Strike
0-2: Strikes out looking
Batting: RHB Ken Nelson 0-0: Foul Ball, location: 3FF
0-1: Foul Ball, location: 2F
0-2: Ball
1-2: Ball
2-2: Foul Ball, location: 2F
2-2: Ball
3-2: Base on Balls
Batting: LHB Angelo Thomlinson 0-0: Ball
1-0: Called Strike
1-1: Swinging Strike
1-2: Strikes out looking
Batting: SHB Cheyse Cleaver 0-0: Called Strike
0-1: Ball
1-1: Ball
2-1: Called Strike
2-2: Strikes out looking
Bottom of the 4th over - 1 run, 1 hit, 0 errors, 1 left on base; Randwick 5 - Blacktown 2
TOP OF THE 5TH
Randwick Green Sox batting - Pitching for Blacktown Pumas : RHP Galen Treacy
Batting: LHB Tony Tassell 0-0: Ball
1-0: Ball
2-0: Foul Ball, location: 3DF
2-1: Swinging Strike
2-2: Ball
3-2: Foul Ball, location: 7LSF
3-2: Strikes out swinging
Batting: RHB Pete Sherrell 0-0: Ball
1-0: Fly out, F9 (Line Drive, 9, EV 100.0 MPH)
Batting: LHB Colin Firman 0-0: Ball
1-0: Fly out, F8 (Flyball, 78D, EV 98.8 MPH)
Top of the 5th over - 0 runs, 0 hits, 0 errors, 0 left on base; Randwick 5 - Blacktown 2
BOTTOM OF THE 5TH
Blacktown Pumas batting - Pitching for Randwick Green Sox : RHP David Forrest
Batting: LHB Elvin Nottage 0-0: Ball
1-0: Ball
2-0: Ball
3-0: Base on Balls
Batting: RHB Kyler Parkins 0-0: Swinging Strike
0-1: Fly out, F9 (Flyball, 9, EV 96.9 MPH)
Pitching: RHP Keith Gwilt
Batting: SHB Louie Mumford 0-0: Called Strike
0-1: Foul Ball, location: 5F
0-2: Ball
1-2: Ball
2-2: Ball
3-2: Foul Ball, location: 5SF
3-2: Foul Ball, location: 2F
3-2: Fly out, F9 (Line Drive, 9, EV 87.5 MPH)
Batting: RHB Davey Anderton 0-0: Called Strike
0-1: Called Strike
0-2: Strikes out swinging
Bottom of the 5th over - 0 runs, 0 hits, 0 errors, 1 left on base; Randwick 5 - Blacktown 2
TOP OF THE 6TH
Randwick Green Sox batting - Pitching for Blacktown Pumas : RHP Galen Treacy
Pitching: RHP Daniel Hackford
Batting: RHB Louis Wibberley 0-0: Ground out 1-3 (Groundball, 13S, EV 74.4 MPH)
Batting: LHB Rodger Curnow 0-0: Ball
1-0: Called Strike
1-1: Ball
2-1: Ground out 4-3 (Groundball, 4, EV 103.8 MPH)
Batting: RHB Art Alderson 0-0: Foul Ball, location: 3DF
0-1: Foul Ball, location: 2RF
0-2: Foul Ball, location: 9LSF
0-2: Ground out 5-3 (Groundball, 56S, EV 66.3 MPH)
Top of the 6th over - 0 runs, 0 hits, 0 errors, 0 left on base; Randwick 5 - Blacktown 2
BOTTOM OF THE 6TH
Blacktown Pumas batting - Pitching for Randwick Green Sox : RHP Keith Gwilt
Batting: LHB Sinbad Rabjohns 0-0: Ball
1-0: SINGLE (Groundball, 34, EV 101.9 MPH) (infield hit)
Batting: RHB Cam Lett 0-0: Ball
1-0: Foul Ball, location: 2F
1-1: Ball
2-1: Foul Ball, location: 2F
2-2: Foul Ball, location: 9LMF
2-2: Ball
3-2: Grounds into double play, 4-6-3 (Groundball, 4, EV 90.0 MPH)
Batting: RHB Ken Nelson 0-0: DOUBLE (Groundball, 3L, EV 97.5 MPH)
Batting: LHB Angelo Thomlinson 0-0: Called Strike
0-1: Swinging Strike
0-2: Strikes out swinging
Bottom of the 6th over - 0 runs, 2 hits, 0 errors, 1 left on base; Randwick 5 - Blacktown 2
TOP OF THE 7TH
Randwick Green Sox batting - Pitching for Blacktown Pumas : RHP Daniel Hackford
Batting: RHB Tony Green 0-0: Foul Ball, location: 7LSF
0-1: Ball
1-1: Foul Ball, location: 2F
1-2: Ball
2-2: SINGLE (Line Drive, 89S, EV 103.1 MPH)
Batting: RHB Bob Ghey 0-0: Called Strike
0-1: SINGLE (Line Drive, 4MD, EV 103.1 MPH)
Tony Green to second
Batting: RHB Derik Fahey 0-0: Ball
1-0: Called Strike
1-1: Swinging Strike
1-2: Strikes out looking
Batting: LHB Tony Tassell 0-0: Ball
1-0: Swinging Strike
1-1: Ball
2-1: Foul Ball, location: 2F
2-2: Strikes out swinging
Batting: RHB Pete Sherrell 0-0: Foul Ball, location: 2RF
0-1: Ball
1-1: Swinging Strike
1-2: Foul Ball, location: 2F
1-2: SINGLE (Groundball, 15S, EV 71.9 MPH) (infield hit)
Tony Green to third
Bob Ghey to second
Batting: LHB Colin Firman 0-0: Ball
Wild Pitch!
Tony Green scores
Bob Ghey to third
Pete Sherrell to second
1-0: Swinging Strike
1-1: Swinging Strike
1-2: Strikes out swinging
Top of the 7th over - 1 run, 3 hits, 0 errors, 2 left on base; Randwick 6 - Blacktown 2
BOTTOM OF THE 7TH
Blacktown Pumas batting - Pitching for Randwick Green Sox : RHP Keith Gwilt
Batting: SHB Cheyse Cleaver 0-0: Foul Ball, location: 3DF
0-1: Ball
1-1: Ball
2-1: Ball
3-1: Foul Ball, location: 25F
3-2: Ground out 5-3 (Groundball, 56, EV 103.8 MPH)
Batting: LHB Elvin Nottage 0-0: Called Strike
0-1: SINGLE (Flyball, 8RS, EV 90.0 MPH)
Batting: RHB Kyler Parkins 0-0: Grounds into double play, 5-4-3 (Groundball, 56, EV 106.3 MPH)
Bottom of the 7th over - 0 runs, 1 hit, 0 errors, 0 left on base; Randwick 6 - Blacktown 2
TOP OF THE 8TH
Randwick Green Sox batting - Pitching for Blacktown Pumas : RHP Daniel Hackford
Batting: RHB Louis Wibberley 0-0: Ball
1-0: Called Strike
1-1: Ball
2-1: SINGLE (Line Drive, 6D, EV 96.9 MPH)
Pitching: RHP Daniel Dempster
Batting: LHB Rodger Curnow 0-0: Ball
1-0: Ball
2-0: Fly out, F8 (Flyball, 8LD, EV 97.5 MPH)
Batting: RHB Art Alderson 0-0: Foul Ball, location: 2F
0-1: Ball
1-1: SINGLE (Line Drive, 78S, EV 88.1 MPH)
Louis Wibberley to second
Batting: RHB Tony Green 0-0: Foul Ball, location: 23FF
0-1: Fly out, F8 (Flyball, 8RD, EV 96.9 MPH)
Batting: RHB Bob Ghey 0-0: Called Strike
0-1: Called Strike
0-2: Ball
1-2: Strikes out looking
Top of the 8th over - 0 runs, 2 hits, 0 errors, 2 left on base; Randwick 6 - Blacktown 2
BOTTOM OF THE 8TH
Blacktown Pumas batting - Pitching for Randwick Green Sox : RHP Keith Gwilt
Batting: SHB Louie Mumford 0-0: Ball
1-0: Ball
2-0: Called Strike
2-1: Called Strike
2-2: Ball
3-2: SOLO HOME RUN (Flyball, 89XD, EV 102.5 MPH), Distance : 401 ft
Batting: RHB Davey Anderton 0-0: Ball
1-0: Called Strike
1-1: Foul Ball, location: 9LMF
1-2: Foul Ball, location: 5FF
1-2: Foul Ball, location: 3F
1-2: Foul Ball, location: 2F
1-2: Foul Ball, location: 7LDF
1-2: Foul Ball, location: 5F
1-2: SOLO HOME RUN (Flyball, 9LD, EV 90.0 MPH), Distance : 337 ft
Pitching: LHP Trev Wearne
Batting: LHB Sinbad Rabjohns 0-0: Foul Ball, location: 2F
0-1: Swinging Strike
0-2: Strikes out swinging
Pitching: RHP Billy Catlow
Batting: RHB Cam Lett 0-0: Ball
1-0: Called Strike
1-1: Called Strike
1-2: Foul Ball, location: 2F
1-2: Ball
2-2: Ball
3-2: Fly out, F9 (Flyball, 9D, EV 104.4 MPH)
Batting: RHB Ken Nelson 0-0: Ball
1-0: Foul Ball, location: 25F
1-1: Ball
2-1: Foul Ball, location: 2F
2-2: Foul Ball, location: 2F
2-2: Ball
3-2: Base on Balls
Batting: LHB Angelo Thomlinson 0-0: Called Strike
0-1: Ball
1-1: Ball
2-1: Swinging Strike
2-2: Ball
3-2: Foul Ball, location: 7LDF
3-2: Base on Balls
Ken Nelson to second
Batting: SHB Cheyse Cleaver 0-0: Swinging Strike
0-1: Ball
1-1: Foul Ball, location: 7LDF
1-2: Ball
2-2: Ball
3-2: SINGLE (Line Drive, 6D, EV 100.6 MPH)
Ken Nelson to third
Angelo Thomlinson to second
Ken Nelson scores
Angelo Thomlinson to third
Batting: LHB Elvin Nottage 0-0: Swinging Strike
0-1: Foul Ball, location: 9LMF
0-2: Strikes out looking
Bottom of the 8th over - 3 runs, 3 hits, 0 errors, 2 left on base; Randwick 6 - Blacktown 5
TOP OF THE 9TH
Randwick Green Sox batting - Pitching for Blacktown Pumas : RHP Daniel Dempster
Pinch Hitting: LHB Bob Gurney 0-0: Ball
1-0: Called Strike
1-1: SINGLE (Line Drive, 56D, EV 101.9 MPH)
Batting: LHB Tony Tassell 0-0: Bunted foul
0-1: Ball
1-1: Sac Bunt to 23 - play at first, batter OUT! 3-4
Bob Gurney to second
Batting: RHB Pete Sherrell 0-0: Intentional Walk
Pinch Runner at 2nd Daly Challen:
Batting: LHB Colin Firman 0-0: Ball
1-0: SINGLE (Groundball, 56D, EV 110.0 MPH)
Daly Challen to third
Pete Sherrell to second
Runner from 3rd tries for Home, SAFE, throw by LF to home
Pinch Hitting: LHB Ewan Todhunter 0-0: Foul Ball, location: 7LMF
0-1: Swinging Strike
0-2: Ball
1-2: Fly out, F7 (Flyball, 78S, EV 98.8 MPH)
Batting: LHB Rodger Curnow 0-0: Ball
1-0: Ball
Wild Pitch!
Pete Sherrell to third
Colin Firman to second
2-0: Called Strike
2-1: Ball
3-1: Ground out 5-3 (Groundball, 5, EV 108.1 MPH)
Top of the 9th over - 1 run, 2 hits, 0 errors, 2 left on base; Randwick 7 - Blacktown 5
BOTTOM OF THE 9TH
Blacktown Pumas batting - Pitching for Randwick Green Sox : RHP Billy Catlow
Pitching: LHP Laidley Dellow
Now at C: Keefe Lucking
Now in LF: Daly Challen
Batting: RHB Kyler Parkins 0-0: Ball
1-0: Swinging Strike
1-1: Ball
2-1: Called Strike
2-2: Ball
3-2: Base on Balls
Batting: SHB Louie Mumford 0-0: Ball
1-0: Swinging Strike
1-1: Called Strike
1-2: Ball
2-2: Foul Ball, location: 2F
2-2: Ball
3-2: Fly out, F7 (Flyball, 78S, EV 94.4 MPH)
Batting: RHB Davey Anderton 0-0: Ball
1-0: Ball
2-0: Swinging Strike
2-1: SINGLE (Line Drive, 5D, EV 93.8 MPH)
Kyler Parkins to second
Pinch Hitting: RHB Mick Beard 0-0: Ball
1-0: Fly out, F8 (Flyball, 8LXD, EV 110.0 MPH)
Runner from 2nd tags up, SAFE at 3rd, no throw by CF
Batting: RHB Cam Lett 0-0: Swinging Strike
0-1: Ball
1-1: Fly out, F3 (Popup, 3SF, EV 75.6 MPH)
Bottom of the 9th over - 0 runs, 1 hit, 0 errors, 2 left on base; Randwick 7 - Blacktown 5
Monday, April 22nd , 2024 - OOTP Baseball 24.9 Build 80